 Dungeon Crawl Stone Soup version 0.30-b1-2-g02819fbbbe (webtiles) character file.

Game seed: 9301313801118981208

2062 Hyawatha the Conjurer (level 9, -3/70 HPs)
             Began as a Hill Orc Conjurer on May 8, 2023.
             Was a Priest of Dithmenos.
             Slain by an orc warrior
             ... wielding a +0 war axe
              (16 damage)
             ... on level 9 of the Dungeon.
             The game lasted 00:48:42 (8803 turns).

Hyawatha the Conjurer (Hill Orc Conjurer)           Turns: 8803, Time: 00:48:43

Health: -3/70      AC:  6    Str: 10    XL:     9   Next: 25%
Magic:  13/13      EV: 13    Int: 18    God:    Dithmenos [***...]
Gold:   244        SH:  0    Dex: 13    Spells: 5/14 levels left

rFire   . . .        c - +3 short sword (speed)
rCold   . . .        (no shield)
rNeg    + . .        o - +2 robe {Will+}
rPois   .            q - +1 helmet
rElec   .            (no cloak)
rCorr   .            (no gloves)
SInv    +            (no boots)
Will    +....        t - amulet of the acrobat
Stlth   +++          g - ring of positive energy
HPRegen 0.31/turn    w - ring of see invisible
MPRegen 0.13/turn

%: acrobat
@: wreathed by umbra
A: no striking features
a: Renounce Religion, Shadow Step


You were on level 9 of the Dungeon.
You worshipped Dithmenos.
Dithmenos was most pleased with you.
You visited 2 branches of the dungeon, and saw 13 of its levels.
You also visited: Ossuary.

You collected 244 gold pieces.

Inventory:

Hand Weapons
 c - a +3 short sword of speed (weapon)
 n - a +1 shortbow of flaming
 p - a +0 dagger of venom
Missiles
 d - 6 poisoned darts (quivered)
 r - 6 curare-tipped darts
 s - 5 javelins
Armour
 f - a +1 scale mail
 o - a +2 robe of willpower (worn)
 q - a +1 helmet (worn)
Jewellery
 g - a ring of positive energy (left hand)
 m - a ring of willpower
 t - an amulet of the acrobat (around neck)
 w - a ring of see invisible (right hand)
 y - a ring of magical power
Scrolls
 a - 6 scrolls of identify
 e - 4 scrolls of teleportation
 h - 2 scrolls of summoning
 j - a scroll of fog
 x - a scroll of fear
Potions
 b - a potion of magic
 i - 4 potions of curing
 k - a potion of lignification
 l - a potion of flight
 u - a potion of mutation
 v - a potion of cancellation
 z - a potion of haste
 A - 2 potions of might


   Skills:
 * Level 3.3 Fighting
 + Level 4.6 Short Blades
 * Level 3.4 Throwing
 + Level 4.1 Dodging
 * Level 3.7 Stealth
 * Level 3.3 Spellcasting
 + Level 5.7 Conjurations
 + Level 3.1 Hexes
 * Level 4.2 Invocations


You had 5 spell levels left.
You knew the following spells:

 Your Spells              Type           Power      Damage    Failure   Level
a - Magic Dart            Conj           92%        1d7       1%          1
b - Searing Ray           Conj           46%        2d6       2%          2
c - Dazzling Flash        Conj/Hex       36%        N/A       8%          3
d - Tukima's Dance        Hex            14%        N/A       13%         3

Your spell library contained the following spells:

 Spells                   Type           Power      Damage    Failure   Level
 Portal Projectile        Hex/Tloc       16%        N/A       26%         3
 Fulminant Prism          Conj/Hex       9%         3d6       26%         4
 Ignite Poison            Fire/Tmut/Pois 2%         N/A       43%         3
 Ozocubu's Armour         Ice            2%         N/A       43%         3
 Iskenderun's Mystic Bla  Conj/Tloc      13%        2d5       43%         4
 Sticky Flame             Conj/Fire      13%        2d4       43%         4
 Blade Hands              Tmut           1%         N/A       99%         5
 Ozocubu's Refrigeration  Ice            1%         4d7       100%        7
 Ignition                 Fire           1%         3d3       100%        8


Dungeon Overview and Level Annotations

Branches:
Dungeon (12/15)            Temple (1/1) D:5         Ossuary (visited)
   Lair: D:8-11         Orc: D:9-12

Altars:
Ashenzari
Cheibriados
Dithmenos
Elyvilon
Fedhas
Hepliaklqana
Kikubaaqudgha
Makhleb
Nemelex Xobeh
Okawaru
Qazlal
Ru
Sif Muna
Trog
Uskayaw
Vehumet
Wu Jian
Xom
Yredelemnul
Zin
The Shining One

Shops:
D:1 :

Annotations:
D:2 1 runed translucent door, Crazy Yiuf
D:3 exclusion: downstairs
D:4 1 runed translucent door, NitroKuite's ghost, amateur BaHu
D:6 1 exclusion
D:7 exclusion: downstairs
D:9 3 runed translucent doors, Clive's ghost, novice MiFi; phunky83's ghost, novice MiMo
D:11 exclusion: downstairs, Snorg


Message History

The orc warrior is severely wounded.
You hit the orc warrior but do no damage.
Your punch misses the orc warrior.
The orc warrior is severely wounded.
The orc warrior hits you with a +0 war axe!
You closely miss the orc warrior.
The orc warrior is severely wounded.
You closely miss the orc warrior.
The orc warrior is severely wounded.
The orc warrior barely misses you.
You barely miss the orc warrior.
The orc warrior is severely wounded.
You hit the orc warrior.
The orc warrior is almost dead.
The orc warrior hits you with a +0 war axe!
You hit the orc warrior but do no damage.
The orc warrior is almost dead.
The orc warrior closely misses you.
You hit the orc warrior but do no damage.
The orc warrior is almost dead.
You closely miss the orc warrior.
The orc warrior is almost dead.
The orc warrior hits you with a +0 war axe!
You barely miss the orc warrior.
The orc warrior is almost dead.
You closely miss the orc warrior.
The orc warrior is almost dead.
The orc warrior hits you with a +0 war axe!
* * * LOW HITPOINT WARNING * * *
You hit the orc warrior but do no damage.
The orc warrior is almost dead.
You hit the orc warrior but do no damage.
The orc warrior is almost dead.
The orc warrior misses you.
You barely miss the orc warrior.
The orc warrior is almost dead.
You hit the orc warrior but do no damage.
The orc warrior is almost dead.
The orc warrior hits you with a +0 war axe!
You die...

#.....>...)...#
#.............#
#......)......####
#.................
...................
............#######
###########o# #o#
#@# #.# # ... .
..... . ....... .
######### . . . .


You could see an orc warrior and an orc.

Vanquished Creatures
  A yak (D:11)
  4 centaurs
  A phantom (D:5)
  Blork the orc (D:6)
  2 bullfrogs
  3 wyvern zombies (Ossuary)
  A gnoll sergeant (D:6)
  A scorpion (D:4)
  A water moccasin zombie (Ossuary)
  2 jellies
  4 centaur zombies (Ossuary)
  5 bullfrog zombies (Ossuary)
  3 hounds (D:5)
  An orc wizard (D:5)
  An iguana (D:4)
  2 killer bee zombies (Ossuary)
  9 mummies
  Robin (D:3)
  3 howler monkey zombies (Ossuary)
  4 gnolls
  6 adders
  A shadow imp (D:5)
  A white imp (D:4)
  An ufetubus (D:7)
  3 dart slugs
  9 orcs
  2 endoplasms
  2 giant cockroaches (D:2)
  12 goblins
  11 hobgoblins
  8 jackals
  6 quokkas
  2 ball pythons
  8 bats
  4 frilled lizards
  8 kobolds
  3 rats
137 creatures vanquished.

Vanquished Creatures (others)
  5 plants (D:6)
  15 withered plants
20 creatures vanquished.

Grand Total: 157 creatures vanquished

Notes
Turn   | Place    | Note
-------+----------+-------------------------------------------
     0 | D:1      | Hyawatha the Hill Orc Conjurer began the quest for the Orb.
     0 | D:1      | Reached XP level 1. HP: 14/14 MP: 3/3
   267 | D:1      | Reached XP level 2. HP: 21/22 MP: 4/4
   603 | D:1      | Found Adurop's Book Emporium.
   621 | D:1      | Reached XP level 3. HP: 15/27 MP: 5/5
   729 | D:1      | HP: 1/27 [hobgoblin (3)]
   903 | D:2      | Reached skill level 1 in Fighting
  1378 | D:2      | Reached skill level 1 in Short Blades
  1445 | D:2      | Reached XP level 4. HP: 35/35 MP: 0/6
  1660 | D:2      | Found a runed translucent door.
  1661 | D:2      | Noticed Crazy Yiuf
  1693 | D:2      | Found a faded altar of an unknown god.
  1697 | D:2      | Prayed at the altar of an unknown god.
  1697 | D:2      | Became a worshipper of Dithmenos the Shadowed
  1697 | D:2      | Reached * piety under Dithmenos
  2135 | D:2      | Learned a level 2 spell: Searing Ray
  2139 | D:2      | Learned a level 3 spell: Dazzling Flash
  2705 | D:3      | Noticed Robin
  2715 | D:3      | Killed Robin
  2948 | D:4      | Noticed a scorpion
  3265 | D:4      | Reached XP level 5. HP: 20/40 MP: 3/8
  3683 | D:4      | Reached ** piety under Dithmenos
  3684 | D:4      | Reached skill level 1 in Invocations
  3719 | D:4      | Found a runed translucent door.
  3730 | D:4      | Noticed NitroKuite's ghost (amateur BaHu)
  3799 | D:5      | Entered Level 5 of the Dungeon
  3836 | D:5      | Reached skill level 1 in Hexes
  3836 | D:5      | Reached XP level 6. HP: 47/47 MP: 5/9
  3980 | D:5      | Reached skill level 1 in Throwing
  4058 | D:5      | Found a bloodstained altar of Trog.
  4165 | D:5      | Found a staircase to the Ecumenical Temple.
  4212 | Temple   | Entered the Ecumenical Temple
  4545 | D:5      | Noticed a black bear
  4832 | D:5      | Reached XP level 7. HP: 45/53 MP: 10/10
  5131 | D:6      | Learned a level 3 spell: Tukima's Dance
  5186 | D:6      | Reached skill level 5 in Conjurations
  5210 | D:6      | Noticed a two-headed ogre
  5669 | D:6      | Noticed Blork the orc
  5687 | D:6      | Killed Blork the orc
  6051 | D:7      | Found a sand-covered staircase.
  6061 | Ossuary  | Entered an ossuary
  6124 | Ossuary  | Reached XP level 8. HP: 54/62 MP: 12/12
  6273 | Ossuary  | HP: 3/62 [bullfrog zombie (4)]
  7482 | D:6      | Reached XP level 9. HP: 18/69 MP: 13/13
  7902 | D:9      | Found a runed translucent gate.
  7902 | D:9      | Found a runed translucent gate.
  7905 | D:9      | Found a runed translucent gate.
  7906 | D:9      | Noticed phunky83's ghost (novice MiMo)
  7906 | D:9      | Noticed Clive's ghost (novice MiFi)
  7995 | D:9      | Noticed a troll
  8089 | D:8      | You fall into a shaft and drop 3 floors!
  8266 | D:11     | Noticed Snorg
  8307 | D:12     | Noticed a boulder beetle
  8560 | D:11     | Noticed a brown ugly thing
  8563 | D:10     | Entered Level 10 of the Dungeon
  8563 | D:10     | Noticed a hornet
  8570 | D:10     | Paralysed by a hornet for 2 turns
  8572 | D:10     | Reached *** piety under Dithmenos
  8580 | D:10     | Found a shimmering blue altar of Sif Muna.
  8803 | D:9      | Slain by an orc warrior

Illustrated notes

Levels and vault maps discovered:
D:1:      tarquinn_simple_flora_water_b, layout_basic, serial_shops, shop
D:2:      layout_loops_ring, hellmonk_ecumenical_altar_leap_of_faith,
          uniq_crazy_yiuf_cottage
D:3:      layout_loops_corners, uniq_robin
D:4:      layout_cave_pools, old_standard_altar, ebering_ghost_inner_flame
D:5:      layout_loops_corners, mainiacjoe_overflow_alcove_2,
          minmay_temple_entry_waves
D:6:      layout_loops_corners, nicolae_grassy_gnolls, uniq_blork_the_orc,
          uniq_eustachio
D:7:      layout_basic, serial_shops, shop, gup_ossuary_entry_pyramid,
          minmay_misc_feat_chi
D:8:      layout_rooms
D:9:      layout_long_grid, gammafunk_ghost_cemetery, minmay_puff, uniq_joseph
D:10:     layout_gridville, mainiacjoe_overflow_alcove_1, lair_entry_dummy,
          orc_0_dummy, hangedman_minor_magic
D:11:     layout_stronghold, nicolae_diode_stairs, uniq_snorg, uniq_grum,
          uniq_sonja
D:12:     lemuel_reptile_caves, layout_layer_cave, uniq_nergalle, uniq_nessos
Temple:   nicolae_temple_bog_church

Skill      XL: |  1  2  3  4  5  6  7  8  9 |
---------------+----------------------------+-----
Fighting       | 1 2 3 |  3.3
Stealth        | 2 3 |  3.7
Dodging        | 2 3 4 |  4.1
Short Blades   | 1 2 3 4 |  4.6
Spellcasting   | 2 3 |  3.3
Invocations    | 1 2 3 4 |  4.2
Hexes          | 1 2 3 |  3.1
Throwing       | 1 2 3 |  3.4
Conjurations   | 5 |  5.7

Action                     |  1- 3 |  4- 6 |  7- 9 || total
---------------------------+-------+-------+-------++-------
  Melee: Short sword       |   120 |   184 |   453 ||   757
         Punch             |     3 |     1 |    12 ||    16
   Cast: Magic Dart        |    28 |    57 |     9 ||    94
         Searing Ray       |       |       |    29 ||    29
         Dazzling Flash    |       |       |     1 ||     1
    Use: Scroll            |     7 |     8 |    11 ||    26
         Potion            |     1 |     1 |     2 ||     4
   Stab: Sleeping          |     2 |       |     5 ||     7
         Distracted        |       |       |     1 ||     1
 Armour: Robe              |    24 |    27 |    77 ||   128
  Dodge: Dodged            |    68 |   103 |   263 ||   434
